 Dungeon Crawl Stone Soup version 0.28.0-56-g4927b6849a (webtiles) character file.

Game seed: 14733874694529590266

123 cbfl8 the Chopper (level 4, -2/41 HPs)
             Began as a Minotaur Berserker on Feb 10, 2023.
             Was a Believer of Trog.
             Slain by Sigmund
             ... wielding a +0 scythe
              (4 damage)
             ... on level 3 of the Dungeon.
             The game lasted 00:02:07 (2224 turns).

cbfl8 the Chopper (Minotaur Berserker)              Turns: 2224, Time: 00:02:07

Health: -2/41      AC: 11    Str: 21    XL:     4   Next: 80%
Magic:  3/3        EV:  7    Int:  4    God:    Trog [**....]
Gold:   58         SH:  0    Dex: 12    Spells: 3/3 levels left

rFire   . . .      SeeInvis .   a - +0 hand axe
rCold   . . .      Faith    .   (no shield)
rNeg    . . .      Spirit   .   l - +0 plate armour
rPois   .          Reflect  .   (helmet restricted)
rElec   .          Harm     .   (no cloak)
rCorr   .          Rampage  .   (no gloves)
Will    .....                   (no boots)
Stlth   ..........              (no amulet)
HPRegen 0.13/turn               (no ring)
MPRegen 0.08/turn               (no ring)

@: on berserk cooldown, slowed, very slow
A: horns 2, retaliatory headbutt
a: Renounce Religion, Berserk, Trog's Hand


You were on level 3 of the Dungeon.
You worshipped Trog.
Trog was pleased with you.
You visited 1 branch of the dungeon, and saw 3 of its levels.

You collected 58 gold pieces.

Inventory:

Hand Weapons
 a - a +0 hand axe (weapon)
Missiles
 i - a throwing net (quivered)
Armour
 l - a +0 plate armour (worn)
Scrolls
 d - 3 scrolls of identify {unknown}
 e - a scroll of magic mapping {unknown}
 f - a scroll of noise {unknown}
 h - a scroll of torment {unknown}
 k - a scroll of blinking {unknown}
 m - a scroll of enchant armour {unknown}
Potions
 b - a potion of heal wounds {unknown}
 c - a potion of berserk rage {unknown}
 g - a potion of might {unknown}
 j - 2 potions of curing {unknown}


   Skills:
 + Level 4.7 Fighting
 + Level 4.9 Axes
 + Level 3.6 Armour
 + Level 2.6 Dodging
 + Level 0.3 Stealth


You had 3 spell levels left.
You didn't know any spells.
Your spell library was empty.

Dungeon Overview and Level Annotations

Branches:
Dungeon (3/15)

Altars:

Annotations:
D:3 Sigmund


Innate Abilities, Weirdness & Mutations

You have a pair of horns on your head.
You reflexively headbutt those who attack you in melee.


Message History

There is a strange disturbance nearby!
No target in view!
There is a strange disturbance nearby!
A red film seems to cover your vision as you go berserk!
You feel yourself moving faster!
You feel mighty! Something hits you.
You feel a strong urge to attack something.
The bat barely misses you. You furiously retaliate!
You headbutt the bat!
You kill the bat!
Trog accepts your kill.
You hear some strange, mumbled words.
You are confused.
You feel your anger nearly subside. Something hits you!
You are no longer berserk.
You are exhausted.
You feel yourself slow down.
You bump into the closed door.
Something hits you but does no damage. Something hits you but does no damage.
You bump into the rock wall.
Something hits you but does no damage.
You completely miss something. Your headbutt misses something.
You feel less confused. Something hits you.
You closely miss something. Something hits you but does no damage.
You barely miss something. Something hits you!
You closely miss something. Your headbutt misses something. Something hits you!
Something hits you.
* * * LOW HITPOINT WARNING * * *
You hit something but do no damage.
You hear some strange, mumbled words.
A magic dart appears from out of thin air!
The magic dart hits you but does no damage.
You barely miss something. Something hits you.
* * * LOW HITPOINT WARNING * * *
Something hits you but does no damage. Something hits you but does no damage.
Something hits you.
* * * LOW HITPOINT WARNING * * *
There is a stone staircase leading up here.
Something hits you.
You die...

........### ........'.#
######### ........#.###
#........ ............#
#........
######+##.#.#######
#........
.................
#........
#####....#.#.##.#
##........
.......###.#.##.###.....+
###......#.##@.{......#
#...####.##.####....#
#.#............+..=.+
#.#..#.#.##.####....#
######.#..#
#.##'#########
.......#..###.#....#
...........(..#....####
....†††...####........#
...........).)....)...#


There were no monsters in sight!

Vanquished Creatures
  Natasha (D:3)
  Robin (D:3)
  3 adders (D:2)
  A dart slug (D:3)
  6 bats
  5 endoplasms
  5 giant cockroaches
  9 goblins
  9 hobgoblins
  7 kobolds
  3 ball pythons (D:2)
  3 frilled lizards
  4 rats
57 creatures vanquished.

Notes
Turn   | Place    | Note
-------+----------+-------------------------------------------
     0 | D:1      | cbfl8 the Minotaur Berserker began the quest for the Orb.
     0 | D:1      | Reached XP level 1. HP: 19/19 MP: 0/0
   295 | D:1      | Reached XP level 2. HP: 21/27 MP: 1/1
   642 | D:1      | Found a faded altar of an unknown god.
   812 | D:1      | Reached ** piety under Trog
  1123 | D:2      | Reached XP level 3. HP: 34/34 MP: 2/2
  1645 | D:2      | Reached XP level 4. HP: 41/41 MP: 3/3
  2029 | D:3      | Noticed Natasha
  2033 | D:3      | Killed Natasha
  2147 | D:3      | Noticed Robin
  2161 | D:3      | Killed Robin
  2203 | D:3      | Noticed Sigmund
  2222 | D:3      | HP: 2/41 [something (6)]
  2224 | D:3      | Slain by Sigmund

Illustrated notes

Levels and vault maps discovered:
D:1:      tarquinn_simple_flora_water_d, layout_loops_ring,
          ebering_ecumenical_altar_rust
D:2:      layout_basic, kennysheep_pointless_box
D:3:      layout_basic, kennysheep_big_empty_room, uniq_sigmund, uniq_robin,
          uniq_natasha

Skill      XL: |  1  2  3  4 |
---------------+-------------+-----
Fighting       | 4 |  4.7
Axes           | 4 |  4.9
Armour         | 3 |  3.6
Dodging        | |  2.6
Stealth        | |  0.3

Action                   |  1- 3 |  4- 6 || total
-------------------------+-------+-------++-------
Melee: Hand axe          |    83 |    39 ||   122
       Headbutt          |    12 |     7 ||    19
       Punch             |       |     1 ||     1
Invok: Berserk           |     1 |     1 ||     2
 Stab: Sleeping          |     1 |       ||     1
Armor: Ring mail         |    25 |     3 ||    28
       Animal skin       |     1 |       ||     1
       Plate armour      |       |    32 ||    32
Dodge: Dodged            |    42 |    16 ||    58
